[Event "German Bundesliga 2024-25"]
[Site "Germany"]
[Date "2024.12.01"]
[Round "4.7"]
[White "Smeets, Jan"]
[Black "Zwirs, Nico"]
[Result "1-0"]
[Annotator "RC"]
[ECO "B51"]
[WhiteElo "2550"]
[BlackElo "2480"]
[PlyCount "143"]
[EventDate "2024.09.27"]
[EventType "team-tourn"]
[EventCountry "GER"]
[SourceTitle "playchess.com"]
[Source "ChessBase"]
[SourceQuality "1"]
[WhiteTeam "SG Solingen"]
[BlackTeam "Hamburg"]
[TimeControl "40/5400+30:1800+30"]

1. e4 c5 2. Nf3 d6 3. Bb5+ Nd7 4. a4 Ngf6 5. Nc3 a6 6. Be2 b6 7. d4 cxd4 8. Qxd4 Bb7 9. Be3 e6 10. O-O Qc7 11. Rfd1 Ng4 12. Bg5 h6 13. Bh4 Nge5 14. Qe3 Ng6 15. Bg3 Be7 16. Rd2 O-O 17. Rad1 e5 18. Re1 Rfe8 19. Rdd1 Rac8 20. Bf1 Qb8 21. b3 Nf6 22. Bc4 Qc7 23. Nh4 Nxh4 24. Bxh4 Ng4 25. Qf3 Bxh4 26. Qxg4 Be7 27. Rd3 Bf8 28. h4 Qd8 29. Ree3 Rxc4 30. bxc4 Bc8 31. Qg3 Be7 32. h5 Bg5 33. Re1 Qc7 34. Red1 Qxc4 35. Rxd6 b5 36. axb5 axb5 37. Qd3 Bg4 38. Qxc4 bxc4 39. Rb1 Rc8 40. Rdb6 Kh7 41. Rb8 Rc6 42. R1b6 Rc5 43. Rb5 Rc6 44. R8b6 Rc8 45. Rxe5 Bf6 46. Rxf6 gxf6 47. Ra5 Rd8 48. Nd5 Kg7 49. Ne3 Be6 50. Kf1 Rb8 51. Ke2 Rb1 52. Rc5 Rh1 53. Kd2 Rh4 54. f3 Kf8 55. Kc3 Rh2 56. Kd4 Ke7 57. Ra5 Rh4 58. c3 Rh2 59. f4 Kf8 60. f5 Bd7 61. Ra7 Bc6 62. Ra6 Be8 63. Rxf6 Rxh5 64. Kxc4 Rh1 65. Rb6 Kg7 66. Kd4 Ra1 67. c4 Ra2 68. g4 Rd2+ 69. Kc3 Ra2 70. c5 Ra4 71. Nc4 f6 72. Nd6 1-0

[Event "German Bundesliga 2024-25"]
[Site "Germany"]
[Date "2024.12.01"]
[Round "4.7"]
[White "Lokander, Martin"]
[Black "Jovanovic, Zoran"]
[Result "1/2-1/2"]
[Annotator "TA"]
[ECO "A61"]
[WhiteElo "2467"]
[BlackElo "2520"]
[PlyCount "41"]
[EventDate "2024.09.27"]
[EventType "team-tourn"]
[EventCountry "GER"]
[SourceTitle "playchess.com"]
[Source "ChessBase"]
[SourceQuality "1"]
[WhiteTeam "Bayern Muenchen"]
[BlackTeam "Kirchweyhe"]
[TimeControl "40/5400+30:1800+30"]

1. d4 d6 2. e4 Nf6 3. Nc3 e5 4. Nf3 exd4 5. Nxd4 Be7 6. Bf4 O-O 7. Qd2 Nc6 8. O-O-O Nxd4 9. Qxd4 Be6 10. f3 a6 11. g4 b5 12. h4 c5 13. Qf2 b4 14. Nd5 Nxd5 15. exd5 Bd7 16. Qg3 Bb5 17. g5 c4 18. Kb1 b3 19. cxb3 {[%emt 0:01:01] White is slightly better.} cxb3 20. axb3 Bxf1 21. Rhxf1 {[%emt 0:00:25] Weighted Error Value: White=0.07 (flawless) /Black=0.04 (flawless) .  Inaccurate:     	White=1     	---        OK:         	White=5     	Black=6} 1/2-1/2

[Event "German Bundesliga 2024-25"]
[Site "Germany"]
[Date "2024.12.01"]
[Round "4.7"]
[White "Winterberg, Lukas"]
[Black "Krause, Jonah"]
[Result "1/2-1/2"]
[Annotator "TA"]
[ECO "D85"]
[WhiteElo "2410"]
[BlackElo "2361"]
[PlyCount "101"]
[EventDate "2024.09.27"]
[EventType "team-tourn"]
[EventCountry "GER"]
[SourceTitle "playchess.com"]
[Source "ChessBase"]
[SourceQuality "1"]
[WhiteTeam "Heimbach-Weis-Neuwied"]
[BlackTeam "St. Pauli"]
[TimeControl "40/5400+30:1800+30"]

1. d4 Nf6 2. Nf3 g6 3. c4 Bg7 4. Nc3 d5 5. cxd5 Nxd5 6. e4 Nxc3 7. bxc3 c5 8. Bb5+ Nc6 9. Rb1 (9. dxc5 Bxc3+ 10. Bd2 Bxd2+ (10... Bxa1 11. Qxa1 f6 12. O-O $11) 11. Qxd2 O-O) 9... O-O $1 10. d5 Ne5 11. O-O a6 12. Be2 Nxf3+ 13. Bxf3 b5 14. Be3 Qd6 15. Qc1 Bd7 16. h3 h5 17. Bf4 Be5 18. Bh6 a5 19. Bxf8 Rxf8 20. Be2 b4 21. cxb4 axb4 22. a3 (22. f4 $16 Bd4+ 23. Kh1) 22... Bf4 $14 {[%emt 0:05:47] A strong pair of Bishops.} 23. Qb2 Rb8 24. Qb3 h4 25. axb4 cxb4 26. Bg4 Be8 27. Rfd1 Bh2+ 28. Kh1 Be5 $1 {[%emt 0:00:08] Repels Rd4} 29. Rdc1 Qf6 30. Qf3 $1 Qxf3 31. gxf3 (31. Bxf3 b3 $15) 31... b3 {[%emt 0:05:34] [#]} (31... e6 $11) 32. f4 $1 $16 Bd4 (32... Bxf4 33. Rc8 $16) 33. Rc4 Bxf2 {[%emt 0:00:32] [#]} 34. Kg2 (34. Rc8 $1 $16 Rxc8 35. Bxc8) 34... Bg3 $1 $11 35. e5 (35. Rc8 $5 Rxc8 36. Bxc8 $16) 35... b2 36. d6 exd6 37. exd6 f5 38. Bf3 Bf7 {[%emt 0:00:41] [#]} (38... Kf8 $11 {keeps the balance.}) 39. Ra4 (39. Rd4 $1 $16 {aiming for d7.} Ba2 40. Bd5+ Bxd5+ 41. Rxd5 Bxf4 42. d7) 39... Be6 40. Ra8 {[%emt 0:00:51] Really sharp!} Rxa8 $1 41. Bxa8 Bxf4 {[%emt 0:31:31] and ...Bc1 should not be overlooked} 42. Rxb2 {[%emt 0:00:15][%mdl 4096] Endgame KRB-KB} Kf7 $1 (42... Bxd6 $2 {perishes.} 43. Rb6 Kf7 44. Rxd6 $18) 43. Rb7+ Kf6 44. Rh7 Bxd6 45. Rxh4 g5 46. Rh6+ Ke5 47. Rg6 g4 48. hxg4 fxg4 49. Rxe6+ Kxe6 50. Bf3 gxf3+ 51. Kxf3 1/2-1/2

[Event "German Bundesliga 2024-25"]
[Site "Germany"]
[Date "2024.12.01"]
[Round "4.8"]
[White "Kovacevic, Aleksandar"]
[Black "Johansson, Linus"]
[Result "1-0"]
[Annotator "TA"]
[ECO "B90"]
[WhiteElo "2447"]
[BlackElo "2412"]
[PlyCount "107"]
[EventDate "2024.09.27"]
[EventType "team-tourn"]
[EventCountry "GER"]
[SourceTitle "playchess.com"]
[Source "ChessBase"]
[SourceQuality "1"]
[WhiteTeam "Kirchweyhe"]
[BlackTeam "Bayern Muenchen"]
[TimeControl "40/5400+30:1800+30"]

1. e4 c5 2. Nf3 d6 3. d4 cxd4 4. Nxd4 Nf6 5. Nc3 a6 6. Be3 e5 7. Nf3 Be7 8. Bc4 Be6 9. Bb3 O-O 10. O-O h6 11. Nh4 Nbd7 12. Nf5 Nc5 13. Bd5 Rc8 14. f3 b5 15. a3 Na4 16. Nxa4 bxa4 17. Bxe6 fxe6 18. Nxe7+ Qxe7 19. c3 Rc4 20. Qe2 Rfc8 21. Rad1 R4c6 22. Rd3 Qb7 23. Rfd1 Qb5 24. R1d2 Ne8 25. h4 Qb7 26. Qe1 Kh7 27. Qg3 Qf7 28. Qh3 Rb8 29. Rf2 Rb5 30. Rc2 (30. Rdd2 $14) 30... Rc4 31. Qg3 Qg6 32. Qxg6+ Kxg6 33. Kf1 Kf7 34. Ke1 d5 35. exd5 exd5 36. Rcd2 Ke6 ({Much weaker is} 36... Rxh4 37. Rxd5 Rxd5 38. Rxd5 $14) 37. Bf2 (37. g4 $11) 37... Nd6 $15 {[%emt 0:03:22] Threatens to win with ...Rc7.} 38. Re2 Nf7 (38... Rf4 $1 $15 39. g4 Nc4) 39. h5 Rc6 40. f4 e4 $2 (40... Kf5 $1 $14) 41. Rg3 $18 Rc7 42. Rxg7 Rcb7 {[%emt 0:00:31][%cal Of7e5] [#]} 43. c4 $1 Rb3 (43... dxc4 44. Rxe4+) 44. Rg6+ Kd7 45. c5 {[%emt 0:00:00] aiming for c6+.} ({Much less strong is} 45. cxd5 Rxb2 46. Rxe4 (46. Rxa6 Rb1+ 47. Kd2 R1b2+ 48. Ke1 Rb1+ 49. Kd2 R1b2+ 50. Kd1 Rb1+ 51. Kd2 $11) 46... Rc7 $18) (45. Rxa6 dxc4 46. Bd4 (46. Rxe4 Nd6 $18) (46. Rxa4 Rxb2 47. Rxb2 Rxb2 $18) 46... Rd3 $18) 45... Nd8 46. Rd2 Rxb2 47. Rxd5+ Kc8 48. Rxa6 Kc7 49. Rxa4 Ra2 50. Rd2 (50. Rxe4 Rb1+ 51. Rd1 Rxd1+ 52. Kxd1 Rxf2 $11) 50... Ra1+ 51. Ke2 Nc6 52. Rxe4 Rxa3 53. Re6 Rb4 54. g3 1-0

[Event "German Bundesliga 2024-25"]
[Site "Germany"]
[Date "2024.12.01"]
[Round "4.8"]
[White "Heinemann, Thies"]
[Black "Nikolic, Predrag"]
[Result "1/2-1/2"]
[Annotator "TA"]
[ECO "C03"]
[WhiteElo "2417"]
[BlackElo "2548"]
[PlyCount "103"]
[EventDate "2024.09.27"]
[EventType "team-tourn"]
[EventCountry "GER"]
[SourceTitle "playchess.com"]
[Source "ChessBase"]
[SourceQuality "1"]
[WhiteTeam "Hamburg"]
[BlackTeam "SG Solingen"]
[TimeControl "40/5400+30:1800+30"]

1. e4 e6 2. d4 d5 3. Nd2 a6 4. Bd3 c5 5. dxc5 Bxc5 6. exd5 Qxd5 7. Ngf3 Nf6 8. Qe2 {[%emt 0:02:24] White has an edge.} Nc6 ({Black should play} 8... Nbd7 $11) 9. Ne4 Be7 10. c3 Bd7 11. O-O Qa5 (11... Ne5 $11 {keeps the balance.} 12. Nxf6+ Bxf6) 12. Bd2 Qc7 13. Nxf6+ Bxf6 14. Rfe1 h6 15. Rad1 Ne7 16. Ne5 Bxe5 17. Qxe5 Qxe5 18. Rxe5 O-O-O 19. Bc2 {[%emt 0:05:47] Inhibits Ba4.} Bc6 20. Ree1 b5 21. Be3 Rxd1 22. Rxd1 Nd5 23. Bc5 Kb7 24. f3 Re8 25. Kf2 Nf6 26. Be3 Bd5 27. a4 e5 28. Ra1 Ra8 29. axb5 axb5 30. Rxa8 Kxa8 $16 {[%emt 0:00:01][%mdl 4096] Endgame. KBB-KBN} 31. Bc5 Nd7 $1 {[%emt 0:00:07] Wards off Bf8} 32. Bd6 Kb7 33. Bf5 Kc6 34. Bxd7+ Kxd7 35. Bxe5 $14 {[%emt 0:03:12] KB-KB} g6 36. Ke3 h5 37. h4 Ke6 38. Kd4 Bc4 39. Bc7 Bf1 40. g3 f5 41. Kc5 Kd7 42. Be5 Bc4 43. Bg7 Kc7 44. Bh6 Be2 45. Be3 Bc4 46. f4 Be2 {[%emt 0:00:00] [#]} (46... Kd7 $14) 47. Kd5 $1 $16 Kd7 48. Ke5 b4 49. cxb4 $18 {[%emt 0:00:00] White is clearly better.} Kc6 50. Kf6 Kb5 51. Kxg6 Bg4 52. Bd2 {[%emt 0:00:00] Weighted Error Value: White=0.07 (flawless) /Black=0.13 (very precise) .  Mistake:       	---       	Black=4      Inaccurate:     	White=4     	Black=1      OK:         	White=14    	Black=11     Best:        	---       	Black=2      Strong:       	White=1     	Black=1} 1/2-1/2

[Event "German Bundesliga 2024-25"]
[Site "Germany"]
[Date "2024.12.01"]
[Round "4.8"]
[White "Gasthofer, Alexander"]
[Black "Heimann, Andreas"]
[Result "1/2-1/2"]
[Annotator "TA"]
[ECO "D02"]
[WhiteElo "2388"]
[BlackElo "2553"]
[PlyCount "28"]
[EventDate "2024.09.27"]
[EventType "team-tourn"]
[EventCountry "GER"]
[SourceTitle "playchess.com"]
[Source "ChessBase"]
[SourceQuality "1"]
[WhiteTeam "Bad Mergentheim"]
[BlackTeam "Deizisau"]
[TimeControl "40/5400+30:1800+30"]

1. Nf3 d5 2. g3 g6 3. d4 Bg7 4. Bg2 Nf6 5. O-O O-O 6. c3 c6 7. Nbd2 Bf5 8. Nh4 Be6 9. Re1 Nbd7 10. Nhf3 Bf5 11. Nh4 Be6 12. Nhf3 Bf5 {[%emt 0:00:02] The position is equal.} 13. Nh4 Be6 14. Nhf3 Bf5 {An uneventful encounter.   OK:         	---       	Black=2} 1/2-1/2

[Event "German Bundesliga 2024-25"]
[Site "Germany"]
[Date "2024.12.01"]
[Round "4.8"]
[White "Jahncke, Giso"]
[Black "Tica, Sven"]
[Result "1/2-1/2"]
[Annotator "TA"]
[ECO "A17"]
[WhiteElo "2226"]
[BlackElo "2428"]
[PlyCount "108"]
[EventDate "2024.09.27"]
[EventType "team-tourn"]
[EventCountry "GER"]
[SourceTitle "playchess.com"]
[Source "ChessBase"]
[SourceQuality "1"]
[WhiteTeam "St. Pauli"]
[BlackTeam "Heimbach-Weis-Neuwied"]
[TimeControl "40/5400+30:1800+30"]

1. c4 e6 2. Nf3 d5 3. e3 Nf6 4. Nc3 a6 5. b3 Bd6 6. Bb2 O-O 7. Be2 b6 8. cxd5 {[%emt 0:02:33] The position is equal.} exd5 9. O-O Bb7 10. Qc2 Nbd7 11. Rfe1 Re8 12. Bf1 Rc8 13. Ne2 c5 14. Qf5 Qe7 15. Rac1 Qe4 16. Qh3 Qe6 17. Qh4 (17. Qxe6 {simplifies} fxe6 18. d3 e5 19. Nd2) 17... Qg4 18. Ng3 Qxh4 19. Nxh4 b5 20. d3 g6 21. Nf3 Ng4 22. Be2 f5 23. Nf1 Ngf6 24. h3 (24. N1d2 $11) 24... Re7 (24... f4 $15) 25. Bd1 (25. N1d2 $11) 25... Rce8 $15 26. Bc2 Bc7 27. Bb1 Bd6 (27... Ba5 $17 28. Red1 d4 29. exd4 Re2) 28. a3 (28. Bc2 $11) 28... h6 (28... f4 $15) 29. Nh4 Kf7 30. Red1 a5 31. d4 c4 32. g4 Rg8 33. gxf5 gxf5+ 34. Kh1 Ne4 (34... cxb3 35. Nxf5 (35. Bxf5 $2 Nb6 $19) 35... Ke6 36. Nxh6 $18) 35. Bxe4 fxe4 36. bxc4 bxc4 (36... dxc4 37. Nf5 Re6 38. a4 $11) 37. Nf5 Re6 {[%emt 0:00:02][%cal Be7e6,Be6d6,Bd6f6][%mdl 32] ...Bc7 would now be deadly.} 38. Nxd6+ Rxd6 39. Bc3 {[%emt 0:00:37][%cal Oc1b1] White is weak on the light squares} Rf6 40. Nh2 h5 {[%emt 0:01:45] Wards off Ng4} (40... Rxf2 $6 41. Ng4 (41. Bxa5 Nf6 $17) 41... Rxg4 42. hxg4 $14) 41. Rf1 a4 42. f3 Ke6 43. fxe4 Rxf1+ ({Better is} 43... Rg3 $17 44. e5 Rfg6) 44. Nxf1 $11 dxe4 45. Be1 Ba6 46. Ng3 Rb8 47. Bb4 (47. Nxe4 $2 Bb7 48. d5+ Bxd5 $19 (48... Kxd5 49. Nc3+ Ke6+ 50. Kg1 $17)) (47. d5+ $11 Kxd5 48. Rd1+ Kc6 49. Nf5) 47... Nf6 $15 48. Kh2 {[%emt 0:02:28] [#]} (48. h4 $17) 48... h4 $1 $19 49. Ne2 Nd5 50. Rg1 (50. Nf4+ $142 Nxf4 51. exf4) 50... Kf6 $2 (50... Nxe3 51. Rg6+ Kd7 52. Rd6+ (52. Rxa6 Rg8 $18) 52... Kc7 53. Rxa6 $18) ({Black should play} 50... Nxb4 $19 51. axb4 Rxb4) 51. Rf1+ $15 Kg7 52. Rg1+ Kf6 53. Rf1+ Kg7 54. Rg1+ Kf6 {[%emt 0:04:32] Weighted Error Value: White=0.21 (precise) /Black=0.23 (precise) .  Missed win:     	---       	Black=1      Mistake:       	White=7     	Black=5      Inaccurate:     	White=5     	Black=5      OK:         	White=15    	Black=14     Best:        	White=6     	Black=3      Strong:       	---       	Black=1} (54... Kh6 $15 55. Rg4 Nxb4 (55... Nxe3 $2 {loses.} 56. Bd2 $18) 56. Rxh4+ Kg7 57. Rg4+ Kf7 58. axb4 Rxb4) 1/2-1/2

[Event "German Bundesliga 2024-25"]
[Site "Germany"]
[Date "2024.12.01"]
[Round "4.9"]
[White "Vachier-Lagrave, Maxime"]
[Black "Nguyen, Thai Dai Van"]
[Result "1/2-1/2"]
[Annotator "TA"]
[ECO "C78"]
[WhiteElo "2737"]
[BlackElo "2670"]
[PlyCount "42"]
[EventDate "2024.09.27"]
[EventType "team-tourn"]
[EventCountry "GER"]
[SourceTitle "playchess.com"]
[Source "ChessBase"]
[SourceQuality "1"]
[WhiteTeam "Baden-Baden"]
[BlackTeam "TU Dresden"]
[TimeControl "40/5400+30:1800+30"]

1. e4 e5 2. Nf3 Nc6 3. Bb5 a6 4. Ba4 Nf6 5. O-O Bc5 6. c3 O-O 7. d4 Ba7 8. dxe5 {[%emt 0:00:07] And now Bxc6 would win.} Nxe4 9. Qd5 Nc5 10. Bc2 Ne7 11. Qd4 d6 12. Bg5 h6 {[%emt 0:00:13] [#]} (12... Qd7 $11) 13. Qh4 $1 $16 {[%emt 0:01:20] White is much more active. The black rooks are passive.} Re8 {[%emt 0:00:06] [#]} 14. Bxe7 (14. Nbd2 $1 $16) 14... Qxe7 $11 15. Qxe7 Rxe7 16. exd6 cxd6 17. Nbd2 Bd7 18. Rfe1 Rae8 19. Rxe7 Rxe7 20. Re1 Rxe1+ 21. Nxe1 Kf8 {[%emt 0:01:27] Weighted Error Value: White=0.13 (very precise) /Black=0.12 (very precise) .  Mistake:       	White=1     	Black=1      OK:         	White=6     	Black=5      Best:        	---       	Black=1      Strong:       	White=1     	---} 1/2-1/2

[Event "German Bundesliga 2024-25"]
[Site "Germany"]
[Date "2024.12.01"]
[Round "4.9"]
[White "Sarana, Alexey"]
[Black "Ivic, Velimir"]
[Result "1-0"]
[Annotator "TA"]
[ECO "D90"]
[WhiteElo "2679"]
[BlackElo "2622"]
[PlyCount "118"]
[EventDate "2024.09.27"]
[EventType "team-tourn"]
[EventCountry "GER"]
[SourceTitle "playchess.com"]
[Source "ChessBase"]
[SourceQuality "1"]
[WhiteTeam "Viernheim"]
[BlackTeam "Werder Bremen"]
[TimeControl "40/5400+30:1800+30"]

1. d4 Nf6 2. c4 g6 3. Nc3 d5 4. Nf3 Bg7 5. e3 O-O 6. cxd5 Nxd5 7. Be2 c5 8. Qb3 Nxc3 9. bxc3 Nc6 10. O-O Qc7 11. Ba3 {[%emt 0:00:49] D90: Grünfeld: 4 Nf3 Bg7 sidelines.} b6 12. dxc5 Be6 13. Qa4 $146 ({Predecessor:} 13. Qb2 bxc5 14. Bxc5 Qa5 15. Qa3 Qxc3 16. Qxc3 Bxc3 17. Rac1 Bb2 18. Rc2 Rab8 19. Nd4 Bxd4 20. exd4 Bd5 {½-½ Diaz Velandia,J (2345)-Alonso Garcia,R (2358) San Sebastian Gros op 27th 2017 (6)}) 13... Bd7 14. Qh4 Bf6 15. Qg3 Qxg3 16. hxg3 Rfc8 17. Rfd1 Bg4 18. Rac1 Na5 19. Bb4 Nb7 20. cxb6 axb6 21. a3 Na5 22. Nd4 Bxe2 23. Nxe2 Nc4 24. Ra1 h5 25. Rd7 e6 ({Better is} 25... e5 $11) 26. Nd4 $14 Rd8 27. Rc7 Rdc8 28. Rb7 Rcb8 29. Rxb8+ Rxb8 30. Kf1 e5 31. Nb3 e4 32. Ke2 Rc8 33. Nd2 Nxd2 34. Kxd2 Kg7 {[%emt 0:06:54] [#]} (34... g5 $16 35. Kc2 h4) 35. Kc2 $1 $18 Rh8 (35... h4 $16) 36. a4 Be5 (36... Ra8 $142 37. a5 Ra6) 37. Rd1 $18 Kf6 38. Rd7 h4 $2 (38... Rc8 {was worth a try.} 39. Kb3 g5) 39. gxh4 $18 Rxh4 40. Rb7 Rh2 41. Rxb6+ Kf5 42. a5 Rxg2 43. a6 Rxf2+ 44. Kb3 Rd2 45. Rb7 f6 46. a7 Rd8 47. Rf7 Ra8 48. Bc5 g5 49. Kc4 Bd6 50. Bxd6 Ke6 51. Rf8 Rxa7 52. Bc5 Rg7 53. Bd4 (53. Rxf6+ $142 Kd7 54. Ra6 Rg8 55. Kd5 Kc7 56. Ra7+ (56. Kxe4 g4 $18) 56... Kb8 57. Rf7 (57. Kxe4 Rc8 $18) 57... Rg6 58. Bd4 (58. Kxe4 g4 $18)) 53... Rg6 54. Re8+ (54. Rxf6+ $142 Rxf6 55. Bxf6 Kxf6 56. Kd5 g4 57. Kxe4 Kg5 58. c4 Kg6 59. c5) 54... Kf5 55. Kd5 Rg7 56. Rf8 Rg6 57. Rxf6+ Rxf6 58. Bxf6 Kxf6 59. Kxe4 Ke6 1-0

[Event "German Bundesliga 2024-25"]
[Site "Germany"]
[Date "2024.12.01"]
[Round "4.9"]
[White "Bogosavljevic, Boban"]
[Black "Navara, David"]
[Result "0-1"]
[Annotator "TA"]
[ECO "A40"]
[WhiteElo "2480"]
[BlackElo "2674"]
[PlyCount "58"]
[EventDate "2024.09.27"]
[EventType "team-tourn"]
[EventCountry "GER"]
[SourceTitle "playchess.com"]
[Source "ChessBase"]
[SourceQuality "1"]
[WhiteTeam "Deggendorf"]
[BlackTeam "Muelheim Nord"]
[TimeControl "40/5400+30:1800+30"]

1. Nf3 g6 2. g3 Bg7 3. d4 c5 4. c3 Qa5 5. Nbd2 cxd4 6. Nb3 Qb6 7. cxd4 Nf6 8. Bg2 {[%emt 0:00:33] The position is equal.} O-O 9. O-O d5 10. Bf4 Bf5 11. Rc1 Nc6 12. Ne5 Rfc8 13. Nxc6 Rxc6 14. Rxc6 Qxc6 15. Qd2 b6 16. Qb4 a5 17. Qxe7 Re8 18. Qa7 Rxe2 19. Rc1 Qe6 $36 {[%emt 0:10:28][%cal Oh7h6][%mdl 2048] White is under pressure.} (19... Qe8 {simplifies} 20. Qxb6 a4 21. Nd2 Ng4) 20. Qa8+ Qe8 $1 21. Qxe8+ Nxe8 22. Bf1 $2 {[%emt 0:03:32] [#] This costs White the game.} ({White should play} 22. Bxd5 $15 a4 23. Nd2 Bxd4 24. Rf1) 22... Rxb2 $19 23. Bb5 Nf6 24. Rc6 h5 {[%emt 0:08:05] White must now prevent ...Ng4.} (24... Rxa2 25. Rxb6 h6 26. f3 $17) 25. Rxb6 Ng4 (25... Rxa2 26. Rb8+ Kh7 27. Nc1 $19) 26. Bd2 Rxa2 {[%emt 0:01:46] ...a4 is the strong threat.} 27. Rb8+ Kh7 {[%emt 0:00:04] [#] Strongly threatening ...a4.} 28. Be8 (28. h3 {keeps fighting.} Nf6 29. Bxa5) 28... a4 29. Bxf7 Nf6 {[%emt 0:00:14] Prevents Bg8+.   Weighted Error Value: White=0.35/Black=0.03 (flawless) .  Loses game:     	White=1     	---        Mistake:       	White=1     	---        OK:         	White=6     	Black=10     Best:        	---       	Black=5      Strong:       	---       	Black=1} ({Weaker is} 29... axb3 30. Bg8+ Kh8 31. Be6+ (31. Bxd5+ Bf8 $11) 31... Kh7 32. Bg8+ Kh8 33. Be6+ (33. Bxd5+ Bf8 $11) 33... Kh7 34. Bg8+ $11) 0-1

[Event "German Bundesliga 2024-25"]
[Site "Germany"]
[Date "2024.12.01"]
[Round "4.10"]
[White "Bartel, Mateusz"]
[Black "Kasimdzhanov, Rustam"]
[Result "1/2-1/2"]
[Annotator "TA"]
[ECO "C50"]
[WhiteElo "2613"]
[BlackElo "2685"]
[PlyCount "42"]
[EventDate "2024.09.27"]
[EventType "team-tourn"]
[EventCountry "GER"]
[SourceTitle "playchess.com"]
[Source "ChessBase"]
[SourceQuality "1"]
[WhiteTeam "TU Dresden"]
[BlackTeam "Baden-Baden"]
[TimeControl "40/5400+30:1800+30"]

1. e4 e5 2. Nf3 Nc6 3. Bc4 Nf6 4. d3 Bc5 5. Nc3 O-O 6. O-O h6 7. h3 a6 8. Be3 d6 9. Bxc5 dxc5 {[%emt 0:00:11] The position is equal.} 10. a4 Qd6 11. a5 Ne7 12. Nd2 Ng6 13. Ba2 Nf4 14. Nc4 {[%emt 0:02:13] White is slightly better.} Qe7 15. Ne3 g6 16. h4 Kg7 17. g3 N4h5 18. Kg2 Bd7 19. Qf3 Rae8 20. Rh1 {[%emt 0:04:01] White is more active.} Qd8 21. Bb3 Bc8 {[%emt 0:05:22] Weighted Error Value: White=0.09 (flawless) /Black=0.10 (very precise) .  Inaccurate:     	White=2     	Black=2      OK:         	White=6     	Black=2} 1/2-1/2

[Event "German Bundesliga 2024-25"]
[Site "Germany"]
[Date "2024.12.01"]
[Round "4.10"]
[White "Areshchenko, Alexander"]
[Black "Aravindh, Chithambaram VR."]
[Result "0-1"]
[Annotator "TA"]
[ECO "C60"]
[WhiteElo "2606"]
[BlackElo "2706"]
[PlyCount "176"]
[EventDate "2024.09.27"]
[EventType "team-tourn"]
[EventCountry "GER"]
[SourceTitle "playchess.com"]
[Source "ChessBase"]
[SourceQuality "1"]
[WhiteTeam "Werder Bremen"]
[BlackTeam "Viernheim"]
[TimeControl "40/5400+30:1800+30"]

1. e4 e5 2. Nf3 Nc6 3. Bb5 Nge7 4. O-O Ng6 5. c3 a6 6. Ba4 d5 7. exd5 Qxd5 8. d4 {[%emt 0:00:51][%cal Oc3c4] Black must now prevent c4! The position is equal.} Bg4 9. dxe5 Qxd1 10. Bxd1 Bxf3 11. Bxf3 Ngxe5 12. Be4 O-O-O 13. Nd2 Bc5 14. Nb3 Bb6 15. Bf4 (15. Re1 $11) 15... Nc4 $1 $15 16. Rab1 Rhe8 $1 17. Bf3 (17. Bxh7 $2 g6 18. h3 Rh8 $19) 17... f5 18. a4 N6e5 19. Bxe5 Rxe5 20. g3 {[%emt 0:01:41] White is weak on the dark squares} c6 21. Kg2 g6 22. h3 Kc7 {[%emt 0:00:47] Black has more active pieces.} 23. g4 {[%emt 0:02:01] [#]} (23. h4 $17 {was worth a try.}) 23... a5 (23... fxg4 $1 $19 24. hxg4 a5) 24. gxf5 (24. g5 $17) 24... Rxf5 {[%emt 0:01:17] Hoping for ...Rdf8.} 25. Bg4 (25. Be2 $17 Rf4 26. Bxc4 Rxc4 27. Rfe1) 25... Rf6 {[%emt 0:02:00] ...Rdf8 would now be deadly.} 26. Be2 Nd2 27. Nxd2 Rxd2 28. Bf3 Rf4 29. b4 Rd3 30. Bg4 h5 31. Be6 (31. bxa5 $142 Bxa5 32. Rfd1 Rxd1 (32... Rxc3 $2 33. Rd7+ Kc8 34. Be6 $18) 33. Bxd1) 31... Rf6 ({But not} 31... Rxc3 32. bxa5 Bxa5 33. Rfd1 $15) 32. bxa5 Bxa5 33. Bb3 Rxc3 34. Bd1 Rc4 35. Rb3 Bb6 ({Resist} 35... Rxa4 36. Rxb7+ Kxb7 37. Bxa4 $17) 36. Rf3 Rxf3 37. Kxf3 $17 {[%emt 0:00:04][%mdl 4096] Endgame. KRB-KRB} g5 38. Ke2 Re4+ 39. Kd2 Rf4 40. Bxh5 Rxa4 ({Much less strong is} 40... Rxf2+ 41. Rxf2 Bxf2 42. Bg4 $15) 41. f3 Bc5 42. Kc2 (42. Rc1 $142 Bd6 43. Kd3) 42... b5 $19 43. Re1 Bd6 {[%emt 0:02:01] Wards off Re5} 44. Re6 Rc4+ 45. Kb3 Rd4 46. Rg6 (46. Bg6 {might work better.}) 46... Bf4 47. Rg7+ Kb6 48. Rg6 Rd3+ 49. Kc2 Rd2+ 50. Kb3 Rd5 51. Re6 Bd6 52. Bg6 Bf4 $2 ({Better is} 52... Bh2 $19 {aiming for ...Rd6.} 53. Bh5 Rd6 54. Rxd6 Bxd6) 53. Be4 $2 {[%emt 0:00:43][%mdl 8192] [#]} (53. Bh5 $1 $11 Rd6 54. Re4) 53... Rd6 $1 54. Re8 Rh6 {[%emt 0:00:20] Inhibits Rb8+.} 55. Bf5 c5 56. Kc3 Bg3 57. Rg8 Be5+ 58. Kb3 Bf4 59. Re8 Rf6 60. Be4 Rf7 61. Rc8 c4+ 62. Kc3 Rd7 63. Rc6+ $2 (63. Bf5 Be5+ 64. Kc2) 63... Ka5 {[%emt 0:00:07] ...Be5+ is the strong threat.} 64. Rc8 Be5+ 65. Kc2 Kb4 {[%emt 0:00:07] ( -> ...Bf4)} 66. Rf8 Ra7 67. Rf5 Ra2+ 68. Kb1 Ra1+ 69. Kc2 Ra2+ $2 (69... Bf4 70. Kb2 Rg1) 70. Kb1 $1 Rb2+ 71. Kc1 Bd4 72. Bc6 Ka5 73. Rd5 Bc3 74. Rxg5 $2 (74. Bd7 $19) 74... Bd2+ {[%emt 0:00:55] Black mates.} 75. Kxb2 Bxg5 {[%emt 0:01:39] KB-KB} 76. Be8 b4 77. Bf7 Bf6+ 78. Kb1 Kb5 79. f4 b3 80. Be6 Kb4 81. Bg4 c3 82. Bf5 Bh4 83. Be4 Kc4 84. Bh7 Bg3 85. Bg8+ Kb4 86. Bh7 Bxf4 87. h4 Kc5 88. h5 Kd4 {[%emt 0:00:41] Weighted Error Value: White=0.31/Black=0.18 (very precise) .  Loses game:     	White=1     	---        Missed win:     	---       	Black=1      Mistake:       	White=9     	Black=1      Inaccurate:     	White=6     	Black=3      OK:         	White=14    	Black=24     Best:        	White=5     	Black=3      Strong:       	White=1     	Black=3} 0-1